Map: Orbital Shipyard

Players

CostaricanGG - Winner!

  • Race: Terran Terran
  • League: Diamond

Taiwaly

  • Race: Zerg Zerg
  • League: Silver

VOD

Have the link to the VOD?

Description

Hellbat/Lib All-in vs Zerg. I don't play Zerg, so don't look at the Zerg player. He's dumb.

Time

  • Played on: Feb. 19, 2016, 10:14 p.m.
  • Length: 6:46
Show
View Real Time Build Order
Export as new Build Order

CostaricanGG Terran - Winner!

Build Orders: Reaper Expand 

Get SALT Encoding   

  12  0:01  SCV  
  13  0:13  SCV  
  14  0:18  Supply Depot  
  14  0:25  SCV  
  15  0:30  Refinery  
  15  0:39  SCV  
  16  0:46  Barracks  
  16  0:51  SCV  
  17  1:04  SCV  
  18  1:25  SCV  
  19  1:34  Reaper  
  19  1:37  Orbital Command  
  20  1:45  Command Center  
  20  1:57  Factory  
  20  2:05  Refinery  
  20  2:07  SCV  
  21  2:17  Barracks Reactor  
  21  2:20  SCV  
  22  2:24  Supply Depot  
  22  2:32  SCV  
  22  2:44  SCV  
  22  2:45  Starport  
  23  2:56  SCV  
  24  3:00  Orbital Command  
  24  3:04  Hellion  
  24  3:05  Hellion  
  28  3:07  Marine  
  28  3:08  SCV  
  30  3:20  SCV  
  30  3:23  Medivac  
  30  3:25  Marine  
  34  3:28  Hellion  
  34  3:32  Armory  
  36  3:40  SCV  
  37  3:41  Hellion  
  37  3:43  SCV  
  40  3:48  Supply Depot  
  40  3:50  Marine  
  41  3:58  Hellion  
  43  4:03  Hellion  
  43  4:07  SCV  
  46  4:10  Medivac, SCV  
  46  4:11  Marine  
  50  4:20  Hellion  
  54  4:24  Hellion  
  54  4:27  Supply Depot  
  54  4:32  Liberator  
  54  4:49  Marine, SCV x2  
  58  5:01  Hellion x2, SCV x2  
  64  5:10  Marine  
  64  5:13  SCV x2  
  67  5:25  SCV  
  67  5:26  Hellion  
  70  5:44  Barracks  
  70  5:45  Barracks  
  70  5:49  Command Center  
  70  5:50  Barracks  
  70  5:56  Refinery  
  70  5:58  Refinery  
Show
View Real Time Build Order
Export as new Build Order

Taiwaly Zerg 

Build Orders: Pool First 

Get SALT Encoding   

  12  0:01  Drone  
  13  0:12  Overlord  
  13  0:17  Drone  
  14  0:30  Drone x2  
  16  0:39  Drone  
  17  0:46  Drone  
  18  0:57  Spawning Pool  
  18  0:58  Overlord  
  17  1:10  Drone  
  18  1:16  Extractor  
  17  1:23  Drone  
  18  1:33  Drone  
  19  1:43  Drone  
  19  1:46  Queen  
  22  2:04  Zergling x4  
  22  2:05  Hatchery  
  23  2:26  Metabolic Boost  
  23  2:46  Overlord, Drone  
  23  2:47  Drone  
  25  3:00  Drone x2  
  25  3:01  Zergling x2  
  28  3:09  Drone  
  29  3:22  Zergling x2  
  29  3:23  Zergling x2, Roach Warren  
  30  3:29  Drone x2  
  32  3:39  Drone x2  
  34  3:53  Drone x2  
  36  4:06  Drone x2  
  38  4:10  Zergling x2  
  39  4:21  Roach  
  41  4:32  Zergling x2  
  41  4:33  Zergling x4  
  41  4:35  Overlord  
  41  4:36  Overlord  
  42  5:17  Roach x5  
Tags
 
Add a new tag
Caveats
  • Supply blocks, unpowered buildings, or Contaminate may cause inaccurate times.
  • Supply counts are checked every 10 seconds.